 Dungeon Crawl Stone Soup version 0.31-a0-986-g5e6e4ef867 (webtiles) character file.

Game seed: 4878669089530991690

305 timneilson the Ruffian (level 6, -3/41 HPs)
             Began as an Octopode Shapeshifter on Nov 11, 2023.
             Slain by a gnoll
             ... wielding a +0 club
              (5 damage)
             ... on level 4 of the Dungeon.
             The game lasted 00:06:35 (3907 turns).

timneilson the Ruffian (Octopode Shapeshifter)      Turns: 3907, Time: 00:06:35

Health: -3/41      AC:  1    Str: 15    XL:     6   Next: 39%
Magic:  7/7        EV: 13    Int: 13    God:
Gold:   241        SH:  0    Dex: 11    Spells: 7/7 levels left

rFire   . .          .
                       - Unarmed
rCold   . . .        (no shield)
rNeg    . . .        (helmet currently unavailable)
rPois   .            (no amulet)
rElec   .            (no ring)
rCorr   .            (no ring)
SInv    .            (no ring)
Will    .....        (no ring)
Stlth   ++++         (no ring)
HPRegen 0.26/turn    (no ring)
MPRegen 0.10/turn    (no ring)
                     (no ring)

%: no passive effects
@: beast-form
A: beast (slay +2), almost no armour, amphibious, 8 rings, camouflage 1,
gelatinous body 1, nimble swimmer 1, tentacles
a: Begin Untransformation


You were on level 4 of the Dungeon.
You were a hulking beast.
You visited 1 branch of the dungeon, and saw 4 of its levels.

You collected 241 gold pieces.

Inventory:

Missiles
 j - 2 throwing nets
Talismans
 b - a beast talisman
 c - a flux talisman
Wands
 l - a wand of paralysis (5)
Scrolls
 n - a scroll of fear {unknown}
 o - a scroll of poison {unknown}
Potions
 a - a potion of lignification
 d - 2 potions of magic
 e - 2 potions of enlightenment
 f - a potion of attraction
 g - 2 potions of curing
 h - a potion of ambrosia {unknown}
 i - 2 potions of heal wounds
 k - a potion of berserk rage
 m - a potion of haste {unknown}


   Skills:
 * Level 2.8 Fighting
 * Level 3.3 Dodging
 + Level 2.6 Stealth
 * Level 4.1 Unarmed Combat
 + Level 1.2 Spellcasting
 + Level 0.2 Evocations
 * Level 3.8 Shapeshifting


You had 7 spell levels left.
You didn't know any spells.
Your spell library contained the following spells:

 Spells                   Type           Power      Damage    Failure   Level
 Poisonous Vapours        Pois/Air       0%         N/A       38%         2
 Sublimation of Blood     Necr           0%         N/A       38%         2
 Mephitic Cloud           Conj/Pois/Air  0%         N/A       63%         3
 Petrify                  Tmut/Erth      0%         N/A       95%         4
 Alistair's Intoxication  Tmut/Pois      0%         N/A       100%        5
 Borgnjor's Vile Clutch   Necr/Erth      0%         N/A       100%        5
 Freezing Cloud           Conj/Ice/Air   0%         6-21      100%        5
 Irradiate                Conj/Tmut      0%         3d11      100%        5
 Eringya's Noxious Bog    Tmut/Pois      0%         4d6       100%        6


Dungeon Overview and Level Annotations

Branches:
Dungeon (4/15)
 Temple: D:4-7

Altars:
Ashenzari


Innate Abilities, Weirdness & Mutations

You are a hulking beast.
Your limbs bulge with bestial killing power. (Slay +2)
You cannot wear most types of armour.
You are amphibious.
You can wear up to eight rings at the same time.
Your skin changes colour to match your surroundings (Stealth+).
Your rubbery body absorbs attacks. (AC +1, EV +1)
You are camouflaged when in or above water. (Stealth+)
You have tentacles for arms and can constrict up to eight enemies at once.


Message History

You enter the deep water.
An orc comes into view. It is wielding a +0 hand axe.
The helpless orc fails to defend itself.
You tentacle-slap the orc. You grab the orc.
The orc is lightly wounded.
You constrict the orc. The orc hits you with a +0 hand axe.
You tentacle-slap the orc.
The orc is severely wounded.
You constrict the orc.
You kill the orc!
Things that are here:
a +0 hand axe; a +0 chain mail You enter the deep water.
You enter the deep water.
Found an escape hatch in the ceiling.
A gnoll comes into view.
It is wielding a +0 spear. 2 gnolls come into view.
The gnoll shouts! x2
A giant cockroach comes into view.
The gnoll attacks as it pursues you! The gnoll closely misses you.
The gnoll attacks as it pursues you!
The gnoll hits you from afar with a +0 spear.
The gnoll attacks as it pursues you!
The gnoll hits you from afar with a +0 spear.
You enter the deep water.
The gnoll closely misses you. The gnoll hits you with a +0 spear!
The gnoll barely misses you. The gnoll hits you with a +0 club.
The giant cockroach bites you but does no damage.
You tentacle-slap the gnoll. Your grab misses the gnoll.
The gnoll is moderately wounded.
The gnoll closely misses you.
The gnoll hits you from afar with a +0 halberd!
The gnoll misses you. The giant cockroach barely misses you.
You bludgeon the gnoll!
You kill the gnoll!
The gnoll hits you from afar with a +0 halberd!
* * * LOW HITPOINT WARNING * * *
The giant cockroach barely misses you. The gnoll hits you with a +0 club.
You die...

#####.######..........#
.................##.....
#.....#.#.......##..... ##
#......#............$.# .
>..##...................#.# ..
##.#..#..........#).....#.#...
.....##..........##...........
..............gB.........<....
##.......≈≈≈≈≈h)g.............
#.(.....≈≈####≈≈............#.
#.......≈## ##≈.....##.....#
###.....≈# #≈....#.#...###
#.#....≈# #≈.....##....#
##.....≈## ##≈......##...#
#......≈≈####≈≈...........#
#.......≈≈≈≈≈≈........##.##
#.....................#


You could see 2 gnolls and a giant cockroach.

Vanquished Creatures
  An orc priest (D:4)
  Jessica (D:2)
  Ijyb (D:3)
  An orc wizard (D:4)
  Robin (D:2)
  3 gnolls
  6 adders
  5 dart slugs
  5 orcs
  9 endoplasms
  4 giant cockroaches
  13 goblins
  9 hobgoblins
  5 jackals
  6 quokkas
  7 ball pythons
  6 bats
  5 frilled lizards
  8 kobolds
  4 rats
100 creatures vanquished.

Notes
Turn   | Place    | Note
-------+----------+-------------------------------------------
     0 | D:1      | timneilson the Octopode Shapeshifter began the quest for
                  | the Orb.
     0 | D:1      | Reached XP level 1. HP: 13/13 MP: 1/1
   150 | D:1      | Reached XP level 2. HP: 17/18 MP: 2/2
   418 | D:1      | Reached XP level 3. HP: 23/23 MP: 3/3
   946 | D:2      | Reached skill level 1 in Stealth
  1160 | D:2      | Reached XP level 4. HP: 24/29 MP: 4/4
  1255 | D:2      | Noticed Jessica
  1263 | D:2      | Killed Jessica
  1264 | D:2      | Reached XP level 5. HP: 33/34 MP: 4/6
  1480 | D:2      | Found a faded altar of an unknown god.
  2068 | D:2      | Noticed Robin
  2073 | D:2      | Killed Robin
  2074 | D:2      | Reached skill level 1 in Spellcasting
  2242 | D:3      | Found a broken altar of Ashenzari.
  2923 | D:3      | Reached skill level 4 in Unarmed Combat
  3063 | D:3      | Noticed Ijyb
  3098 | D:3      | Killed Ijyb
  3099 | D:3      | Reached XP level 6. HP: 5/38 MP: 7/7
  3907 | D:4      | HP: 2/41 [gnoll/+0 halberd (12)]
  3907 | D:4      | Slain by a gnoll

Illustrated notes

Levels and vault maps discovered:
D:1:      scummos_arrival_gate, layout_basic
D:2:      minmay_spotlight, layout_basic, shapermc_ecumenical_altar_hornbeckon,
          minmay_goblin_kobold_house, uniq_robin, uniq_jessica
D:3:      layout_basic, lemuel_tele_altar, nicolae_titane, uniq_ijyb
D:4:      layout_cave_pools, tgw_xom, dancing_weapons_uskayaw,
          kennysheep_decorative_pillar

Skill      XL: |  1  2  3  4  5 |
---------------+----------------+-----
Stealth        | 1 2 |  2.6
Fighting       | 2 |  2.8
Dodging        | 3 |  3.3
Spellcasting   | 1 |  1.2
Unarmed Combat | 4 |  4.1
Evocations     | |  0.2
Shapeshifting  | |  3.8

Action                     |  1- 3 |  4- 6 || total
---------------------------+-------+-------++-------
  Melee: Unarmed           |    58 |   113 ||   171
         Constrict         |    18 |    29 ||    47
         Tentacles         |    15 |    22 ||    37
         Punch             |     1 |     5 ||     6
    Use: Scroll            |     4 |     6 ||    10
   Stab: Sleeping          |     3 |    11 ||    14
 Armour: Skin              |    13 |    49 ||    62
  Dodge: Dodged            |    32 |    53 ||    85

Table legend: (Time is in decaauts)
 A = Elapsed time spent in this place.
 B = Non-inter-level travel time spent in this place.
 C = Inter-level travel time spent in this place.
 D = Time resting spent in this place.
 E = Time spent auto-exploring this place.
 F = Levels seen in this place.
 G = Mean time per level.
                   A        B        C        D        E       F      G
               +--------+--------+--------+--------+--------+-----+--------+
         Total |   3895 |   3664 |    231 |      0 |   2903 |   4 |  973.8 |
       Dungeon |   3895 |   3664 |    231 |      0 |   2903 |   4 |  973.8 |
               +--------+--------+--------+--------+--------+-----+--------+

Top non-repeatable levels by time:
     D:3: 1432 daAuts
     D:2: 1396 daAuts
     D:1: 815 daAuts
     D:4: 250 daAuts
